AoeStats
← |GaoeG| flamingo

Enclosed

503793687Analyzed
1v1 RM · 29d ago on Sep 2, 2026· 49m 51s· 2 players
Game mode
Random Map
Map size
Tiny (2 player)
Population
200
Speed
Normal
Resources
Standard
Victory
Conquest
Starting age
Dark Age
Ending age
Imperial Age
RankedLock teamsTeams togetherTeam positionsShared explorationLock speedFull tech treeHidden civsTurbo modeCheats
Victory
Defeat
🇪🇸 Mongols · Spain
1362
+14
🇨🇳 Britons · China
1312
-14
WMC
7:40 Loom
10:30 Feudal Age
14:48 Castle Age
12:44 Double-Bit Axe
12:42 Horse Collar
23:02 Town Watch
25:09 Stone Mining
25:30 Pikeman
31:48 Heavy Plow
33:11 Wheelbarrow
33:04 Squires
32:59 Fletching
37:33 Imperial Age
35:39 Hand Cart
36:28 Bodkin Arrow
37:28 Yeomen
37:10 Padded Archer Armor
37:33 Ballistics
37:45 Forging
37:37 Scale Mail Armor
37:44 Gold Mining
38:18 Leather Archer Armor
38:37 Conscription
38:25 Bracer
38:43 Leather Archer Armor
39:04 Elite Longbowman
39:10 Halberdier
39:51 Guard Tower
41:02 Chemistry
41:35 Bow Saw
42:11 Ring Archer Armor
42:17 Iron Casting
41:43 Scale Mail Armor
42:05 Guard Tower
44:54 Murder Holes
46:01 Chemistry
45:36 Warwolf
49:16 Hoardings
49:33 Elite Skirmisher
|GaoeG| flamingo
6:23 Loom
8:45 Feudal Age
9:35 Double-Bit Axe
9:32 Horse Collar
14:01 Fletching
20:59 Castle Age
20:10 Wheelbarrow
20:40 Bloodlines
20:40 Scale Barding Armor
21:07 Gold Mining
21:53 Husbandry
26:02 Chain Barding Armor
30:39 Bodkin Arrow
30:47 Padded Archer Armor
30:11 Light Cavalry
31:52 Town Watch
32:23 Hand Cart
32:55 Bow Saw
32:48 Heavy Plow
34:29 Leather Archer Armor
35:12 Town Patrol
39:14 Imperial Age
38:40 Ballistics
38:40 Forging
40:42 Conscription
39:43 Elite Mangudai
40:25 Bracer
40:23 Hussar
43:23 Chemistry
46:34 Iron Casting
49:29 Thumb Ring
Connection lost

Rejoining the realm…

Still unreachable

The connection could not be restored.

Session expired

The server has moved on; the page needs a fresh start.